 Dungeon Crawl Stone Soup version 0.29-a0-378-gc08b2e8bf8 (webtiles) character file.

Game seed: 12787395256210896355

35 zeratav the Skirmisher (level 3, -1/36 HPs)
             Began as a Hill Orc Fighter on May 4, 2022.
             Slain by a gnoll
             ... wielding a +0 club
              (6 damage)
             ... on level 2 of the Dungeon.
             The game lasted 00:00:46 (1439 turns).

zeratav the Skirmisher (Hill Orc Fighter)           Turns: 1439, Time: 00:00:46

Health: -1/36      AC:  6    Str: 20    XL:     3   Next: 35%
Magic:  3/3        EV:  9    Int:  8    God:
Gold:   75         SH:  4    Dex: 10    Spells: 2/2 levels left

rFire   . . .      SeeInvis .   a - +0 war axe {axe}
rCold   . . .      Faith    .   c - +0 buckler
rNeg    . . .      Spirit   .   b - +0 scale mail
rPois   .          Reflect  .   (no helmet)
rElec   .          Harm     .   (no cloak)
rCorr   .          Rampage  .   (no gloves)
Will    .....                   (no boots)
Stlth   ..........              (no amulet)
HPRegen 0.12/turn               (no ring)
MPRegen 0.08/turn               (no ring)

@: no status effects
A: no striking features
a: no special abilities


You were on level 2 of the Dungeon.
You visited 1 branch of the dungeon, and saw 2 of its levels.

You collected 75 gold pieces.


   Skills:
 + Level 5.2 Fighting
 - Level 2.6 Axes
 - Level 3.2 Armour
 - Level 3.2 Shields


You had 2 spell levels left.
You didn't know any spells.
Your spell library was empty.

Inventory:

Hand Weapons
 a - a +0 war axe (weapon) {axe}
Armour
 b - a +0 scale mail (worn)
 c - a +0 buckler (worn)
 e - a +2 hat
   (You found it on level 1 of the Dungeon)
 j - a +0 plate armour
   (You found it on level 1 of the Dungeon)
 k - a +0 leather armour
   (You found it on level 1 of the Dungeon)
 m - a scarf of resistance
   (You found it on level 2 of the Dungeon)
Scrolls
 f - a scroll of teleportation {unknown}
 g - a scroll of vulnerability {unknown}
 h - a scroll of enchant weapon {unknown}
 i - a scroll of immolation {unknown}
 l - 2 scrolls of noise {unknown}
Potions
 d - a potion of might

Dungeon Overview and Level Annotations

Branches:
Dungeon (2/15)

Altars:

. # ... .#....
######g.....
#...@g# #...g.#
#.....# #.....#
#.....# #.....#
.. .#
#.....###.## #.#
#.......#..# #.#
###.....##.####.#


You could see 3 gnolls.


Message History

The gnoll shouts!
The gnoll moves out of view.
No target in view!
An adder comes into view.
A gnoll comes into view. It is wielding a +0 club. x2
There are monsters nearby!
There are monsters nearby!
A gnoll comes into view. It is wielding a +0 spear.
The gnoll shouts! x3; The adder hisses angrily.
The gnoll moves out of view.
You block the gnoll's attack.
You hit the gnoll.
The gnoll hits you with a +1 flail of protection!
HP[-7]
You take 7 damage, and now have 21/28 hp.
MASSIVE DAMAGE!! (PAUSE)
You are too injured to fight recklessly!
You are too injured to fight recklessly!
You are too injured to fight recklessly!
You are too injured to fight recklessly!
You are too injured to fight recklessly!
You are too injured to fight recklessly!
You are too injured to fight recklessly!
You are too injured to fight recklessly!
You are too injured to fight recklessly!
You are too injured to fight recklessly!
You are too injured to fight recklessly!
You are too injured to fight recklessly!
You are too injured to fight recklessly!
You are too injured to fight recklessly!
You are too injured to fight recklessly!
You are too injured to fight recklessly!
You are too injured to fight recklessly!
You are too injured to fight recklessly!
You are too injured to fight recklessly!
You are too injured to fight recklessly!
You are too injured to fight recklessly!
You are too injured to fight recklessly!
You closely miss the gnoll. The gnoll barely misses you.
You barely miss the gnoll. The gnoll hits you but does no damage.
You block the gnoll's attack.
You slash the gnoll! The gnoll barely misses you.
You hit the gnoll but do no damage. You hit the adder. You hit the gnoll.
The adder closely misses you.
The gnoll hits you with a +1 flail of protection.
The adder barely misses you.
The gnoll hits you with a +1 flail of protection.
HP[-6]
You take 6 damage, and now have 15/28 hp.
MASSIVE DAMAGE!! (PAUSE)
You hit the adder. You closely miss the gnoll. The adder barely misses you.
The gnoll hits you with a +1 flail of protection.
* * * LOW HITPOINT WARNING * * *
The adder barely misses you.
HP[-1]
You take 1 damage, and now have 14/28 hp.
You barely miss the gnoll. You hit the adder. The adder completely misses you.
The gnoll hits you with a +1 flail of protection.
* * * LOW HITPOINT WARNING * * *
The adder bites you but does no damage.
The gnoll hits you with a +1 flail of protection.
* * * LOW HITPOINT WARNING * * *
HP[-7]
You take 7 damage, and now have 7/28 hp.
MASSIVE DAMAGE!! (PAUSE)
You slash the gnoll!
You kill the gnoll!
You barely miss the adder. The adder bites you but does no damage.
You block the adder's attack.
Your Fighting skill increases to level 5!
You have reached level 3!
Your experience leads to an increase in your attributes!
Increase (S)trength, (I)ntelligence, or (D)exterity?
You feel stronger. x2
HP[+2] MP[+1]
You now have 36 max hp (+8).
You regained 2 hp, and now have 9/36 hp.
Your mp is fully restored (3).
You closely miss the adder. The adder misses you.
You slash the adder!
You kill the adder!
The gnoll throws a throwing net.
The throwing net hits you.
You become entangled in the net!
You struggle against the net.
You tear a large gash into the net.
The gnoll hits you with a +0 club.
* * * LOW HITPOINT WARNING * * *
HP[-4]
You take 4 damage, and now have 5/36 hp.
You shred the net and break free! The gnoll hits you but does no damage.
HP[+1]
You closely miss the gnoll. The gnoll closely misses you.
You closely miss the gnoll. You block the gnoll's attack.
You closely miss the gnoll. You hit the gnoll. The gnoll barely misses you.
You block the gnoll's attack.
You slash the gnoll! You barely miss the gnoll. The gnoll barely misses you.
The gnoll hits you from afar with a +0 spear.
* * * LOW HITPOINT WARNING * * *
The gnoll hits you with a +0 club.
You die...

Skill      XL: |  1  2 |
---------------+-------+-----
Fighting       | 4 5 |  5.2
Axes           | |  2.6
Armour         | |  3.2
Shields        | |  3.2

Action                   || total
-------------------------++-------
Melee: War axe           ||    43
Armor: Scale mail        ||    14
Dodge: Dodged            ||    26
Block: Buckler           ||     9

Levels and vault maps discovered:
D:1:      lemuel_arrival_funnel, layout_basic
D:2:      layout_basic, serial_shops, nicolae_shop_statue_plus,
          nicolae_ecumenical_snake_handling, grunt_ministairs_9

Notes
Turn   | Place    | Note
-------+----------+-------------------------------------------
     0 | D:1      | zeratav the Hill Orc Fighter began the quest for the Orb.
     0 | D:1      | Reached XP level 1. HP: 19/19 MP: 1/1
     0 | D:1      | magus.rc [v1.9.6]
   130 | D:1      | Reached skill level 4 in Fighting
   306 | D:1      | Reached XP level 2. HP: 14/27 MP: 2/2
  1429 | D:2      | HP: 7/28 [gnoll/+1 flail of protection (6)]
  1431 | D:2      | Reached skill level 5 in Fighting
  1431 | D:2      | Reached XP level 3. HP: 9/36 MP: 3/3
  1434 | D:2      | HP: 5/36 [gnoll/+0 club (4)]
  1439 | D:2      | HP: 5/36 [gnoll/+0 spear (1)]
  1439 | D:2      | Slain by a gnoll

Vanquished Creatures
  A gnoll (D:2)
  An adder (D:2)
  A bat (D:1)
  2 endoplasms (D:1)
  A giant cockroach (D:1)
  A hobgoblin (D:1)
  2 kobolds (D:1)
  5 quokkas (D:1)
  A frilled lizard (D:1)
15 creatures vanquished.

Table legend:
 A = Non-vault XP
 B = Vault XP
 C = Vault XP percentage of total XP
 D = Non-vault monster count
 E = Vault monster count
 F = Vault count percentage of total count
                 A         B        C        D         E       F
            +---------+---------+-------+---------+---------+-------
      Total |      51 |       0 |   0.0 |      15 |       0 |   0.0
            +---------+---------+-------+---------+---------+-------
        D:1 |      24 |       0 |   0.0 |      13 |       0 |   0.0
        D:2 |      27 |       0 |   0.0 |       2 |       0 |   0.0
            +---------+---------+-------+---------+---------+-------

Illustrated notes

Table legend:
 A = Kills in this place as a percentage of kills in entire the game.
 B = Kills by you in this place as a percentage of kills by you in the entire game.
 C = Kills by friends in this place as a percentage of kills by friends in the entire game.
 D = Other kills in this place as a percentage of other kills in the entire game.
 E = Experience gained in this place as a percentage of experience gained in the entire game.
 F = Experience gained in this place divided by the number of levels of this place that you have seen.
                   A       B       C       D       E      F
               +-------+-------+-------+-------+-------+----------------------
         Total | 100.0 | 100.0 |   N/A |   N/A | 100.0 |  25.5
       Dungeon | 100.0 | 100.0 |   N/A |   N/A | 100.0 |  25.5
               +-------+-------+-------+-------+-------+----------------------

Table legend: (Time is in decaauts)
 A = Elapsed time spent in this place.
 B = Non-inter-level travel time spent in this place.
 C = Inter-level travel time spent in this place.
 D = Time resting spent in this place.
 E = Time spent auto-exploring this place.
 F = Levels seen in this place.
 G = Mean time per level.
                   A        B        C        D        E       F      G
               +--------+--------+--------+--------+--------+-----+--------+
         Total |   1455 |   1414 |     41 |      0 |   1301 |   2 |  727.5 |
       Dungeon |   1455 |   1414 |     41 |      0 |   1301 |   2 |  727.5 |
               +--------+--------+--------+--------+--------+-----+--------+

Top non-repeatable levels by time:
     D:1: 1364 daAuts
     D:2: 91 daAuts
